 Dungeon Sprint DCSS version 0.17-a0-957-ga3519be (webtiles) character file.

7205 krabocopter the Protected (level 11, 0/91 HPs)
             Began as a Hill Orc Fighter on May 7, 2015.
             Was the Champion of Qazlal.
             Hit by a large rock thrown by Polyphemus (30 damage)
             ... in the Dungeon (Sprint V: "Ziggurat Sprint").
             The game lasted 00:13:22 (554 turns).

krabocopter the Protected (Hill Orc Fighter)         Turns: 554, Time: 00:13:22

Health: 0/91       AC: 33    Str: 38    XL:     11   Next: 11%
Magic:  11/11      EV: 16    Int:  8    God:    Qazlal [******]
Gold:   0          SH: 27    Dex: 24    Spells: 0 memorised, 10 levels left

rFire  + . .     SeeInvis .     K - +6 shillelagh "Devastator" {shatter}
rCold  . . .     Clarity  .     a - +15 Maxwell's patent armour {-Cast -Tele rElec MR+ rCorr} (curse)
rNeg   . . .     SustAb   .     B - +3 shield
rPois  .         Gourm    .     G - +0 helmet of Dawn {Str+3} (curse)
rElec  +         Spirit   .     (no cloak)
rCorr  +         Warding  .     (no gloves)
rMut   .         NoTele   +     (no boots)
MR     +....     NoCast   +     H - amulet "Miss" {rCorr Str+4 Dex+5}
Stlth  ..........               y - +6 ring of dexterity
                                D - +6 ring of strength

@: mighty, protected from fire, studying 2 skills, repel missiles, somewhat
resistant to hostile enchantments, extremely unstealthy
A: no striking features
a: Upheaval, Elemental Force, Disaster Area, Renounce Religion


You were in the Dungeon.
You worshipped Qazlal.
Qazlal was exalted by your worship.
You were not hungry.

You visited 1 branch

Inventory:

Hand weapons
 J - the cursed +14 obsidian axe {chop, +Fly Str+3 SInv Curse}
   (You found it in the Dungeon)

   It inflicts extra damage upon your enemies.
   It affects your strength (+3).
   It enhances your eyesight.
   It lets you fly.
   It may re-curse itself when equipped.
   It has a curse placed upon it.
 K - the +6 shillelagh "Devastator" (weapon) {shatter}
   (You found it in the Dungeon)
Armour
 a - the cursed +15 Maxwell's patent armour (worn) {-Cast -Tele rElec MR+ rCorr}
   (You found it in the Dungeon)

   It insulates you from electricity.
   It affects your resistance to hostile enchantments.
   It prevents spellcasting.
   It prevents most forms of teleportation.
   It protects you from acid and corrosion.
   It has a curse placed upon it.
 B - a +3 shield (worn)
 G - the cursed +0 helmet of Dawn (worn) {Str+3}
   (You found it in the Dungeon)

   It affects your strength (+3).
   It has a curse placed upon it.
Jewellery
 c - an uncursed amulet of resist mutation
 y - a +6 ring of dexterity (right hand)
 D - a +6 ring of strength (left hand)
 H - the amulet "Miss" (around neck) {rCorr Str+4 Dex+5}
   (You found it in the Dungeon)

   [amulet of resist corrosion]

   It protects you from acid and corrosion.
   It affects your strength (+4).
   It affects your dexterity (+5).
 I - an uncursed ring of protection from fire
 M - the ring "Qoqif" {Wiz Str+4}
   (You found it in the Dungeon)

   [ring of wizardry]

   It improves your spell success rate.
   It affects your strength (+4).
Magical devices
 F - a wand of disintegration (7)
Scrolls
 k - 4 scrolls of blinking
 q - 4 scrolls of amnesia
 r - 3 scrolls of recharging
 s - 7 scrolls of fog
 t - a scroll of holy word
 u - 5 scrolls of identify
 v - 5 scrolls of remove curse
 w - a scroll of fear
Potions
 d - 5 potions of might
 f - 9 potions of curing
 g - 10 potions of heal wounds
 h - 8 potions of haste
 i - 7 potions of magic
 j - 3 potions of berserk rage
 l - 2 potions of brilliance
 m - 2 potions of invisibility
 n - 4 potions of resistance
 o - a potion of experience
 p - 5 potions of agility
Books
 b - a manual of Axes
 L - a manual of Ice Magic
Comestibles
 e - 5 bread rations
 x - 42 fruits
 z - 4 meat rations
 C - 5 chunks of flesh


   Skills:
 - Level 6.6 Fighting
 - Level 14.4(16.5) Axes
 - Level 12.1(14.1) Maces & Flails
 + Level 14.8 Armour
 - Level 7.4 Dodging
 - Level 14.0 Shields


You had 10 spell levels left.
You didn't know any spells.

Dungeon Overview and Level Annotations

Branches:
Dungeon (1/1)

Altars:
Ashenzari
Cheibriados
Dithmenos
Elyvilon
Fedhas
Gozag
Kikubaaqudgha
Makhleb
Nemelex Xobeh
Okawaru
Qazlal
Ru
Sif Muna
Trog
Vehumet
Xom
Yredelemnul
Zin
The Shining One
Beogh
Jiyva
Lugonu

Annotations:
D Aizul, Donald, Edmund, Polyphemus, Sonja


Message History

Aizul is heavily wounded.
Sonja disappears!
Edmund blubbers, "Help meeeeeeee!"
Aizul misses you.
You hit Aizul.
Aizul shudders.
Aizul is heavily wounded. x2
You feel sick.
Polyphemus seems to regain his courage.
Edmund drinks a potion.
Edmund is healed!
Polyphemus throws a large rock.
You block the large rock.
Drink which item? (? for menu, Esc to quit)
You feel better.
Aizul coils himself and waves his upper body at you.
The poison arrow is repelled.
Aizul closely misses you.
Polyphemus yells, "Attack, my pets!
Attack!"
Polyphemus throws a large rock.
You block the large rock.
Drink which item? (? for menu, Esc to quit)
You feel very mighty all of a sudden.
Donald seems to regain his courage.
You block Aizul's attack.
Donald says, "How do you sleep at night with all those storm clouds?"
Polyphemus throws a large rock.
The large rock hits you!!
You die...

▓....(....▓.......▓
▓▓▓▓▓▓▓▓▓▓▓▓▓▓▓▓▓▓▓▓▓
▓.@§8©8...▓...8©8...▓
▓..)[|)}..▓.§§[§[...▓
▓C.||=[}..▓....|.§..▓
▓.........▓...§§=...▓
▓..§.§.§..▓.........▓
▓....S§§..▓....†....▓
▓....@§...▓.........▓
▓.......@.▓...††....▓
▓.▓§§§§.▓.▓.........▓
▓....(....▓▓▓▓▓▓▓▓▓▓▓
▓▓▓▓▓▓▓▓▓▓▓


You could see Polyphemus, Aizul, Donald and Edmund (fleeing).

Vanquished Creatures
  3 deep elf knights (D)
  A deep elf summoner (D)
  A black mamba (D)
  A komodo dragon (D)
  A fire drake (D)
  A deep elf priest (D)
  4 merfolk (D)
  A redback (D)
  A deep elf mage (D)
  A yak (D)
  A steam dragon (D)
  A wyvern (D)
  A spriggan (D)
  A deep elf fighter (D)
  4 mottled dragons (D)
  3 water moccasins (D)
  A naga (D)
  2 wolves (D)
  2 swamp drakes (D)
  2 porcupines (D)
  3 black bears (D)
  4 orc warriors (D)
  A giant frog (D)
  An orc priest (D)
  A hell rat (D)
  5 adders (D)
  A river rat (D)
  An orc (D)
  3 jackals (D)
  2 ball pythons (D)
  A fungus (D)
56 creatures vanquished.

Vanquished Creatures (others)
  Eustachio (D)
  Duvessa (D)
  Purgy (D)
  Jessica (D)
4 creatures vanquished.

Grand Total: 60 creatures vanquished

Notes
Turn   | Place    | Note
--------------------------------------------------------------
     0 | D        | krabocopter, the Hill Orc Fighter, began the quest for the Orb.
     0 | D        | Reached XP level 1. HP: 19/19 MP: 1/1
     3 | D        | Found an iron altar of Okawaru.
     3 | D        | Found a burning altar of Makhleb.
     3 | D        | Found a radiant altar of Vehumet.
     3 | D        | Found a deep blue altar of Sif Muna.
     3 | D        | Found a shimmering altar of Xom.
     4 | D        | Found a roughly hewn altar of Beogh.
     4 | D        | Found a corrupted altar of Lugonu.
     4 | D        | Found a viscous altar of Jiyva.
     4 | D        | Found a white marble altar of Elyvilon.
     4 | D        | Found a sparkling altar of Nemelex Xobeh.
     4 | D        | Found a bloodstained altar of Trog.
    14 | D        | Killed Duvessa
    78 | D        | Became a worshipper of Qazlal Stormbringer
    96 | D        | Killed Eustachio
   141 | D        | Entered arena 1.
   141 | D        | Noticed a giant frog
   143 | D        | Killed a giant frog
   143 | D        | Reached skill level 6 in Fighting
   143 | D        | Reached skill level 5 in Armour
   143 | D        | Reached skill level 5 in Shields
   143 | D        | Reached XP level 2. HP: 23/31 MP: 2/2
   143 | D        | Reached XP level 3. HP: 28/38 MP: 3/3
   143 | D        | Reached XP level 4. HP: 33/45 MP: 4/4
   143 | D        | Killed Jessica
   157 | D        | Entered arena 2.
   157 | D        | Noticed a wolf
   159 | D        | Acquired Qazlal's first power
   161 | D        | Killed a wolf
   161 | D        | Reached skill level 7 in Armour
   161 | D        | Reached XP level 5. HP: 39/51 MP: 5/5
   167 | D        | Got the cursed +0 helmet of Dawn {Str+3}
   173 | D        | Entered arena 3.
   173 | D        | Noticed a merfolk
   173 | D        | Noticed a merfolk
   173 | D        | Noticed a merfolk
   173 | D        | Noticed a merfolk
   180 | D        | Killed a merfolk
   180 | D        | Acquired Qazlal's second power
   180 | D        | Reached skill level 9 in Axes
   180 | D        | Reached XP level 6. HP: 46/58 MP: 6/6
   182 | D        | Killed a merfolk
   182 | D        | Reached skill level 11 in Axes
   182 | D        | Reached XP level 7. HP: 50/64 MP: 7/7
   183 | D        | Killed a merfolk
   183 | D        | Reached skill level 12 in Axes
   183 | D        | Reached skill level 5 in Dodging
   185 | D        | Killed a merfolk
   185 | D        | Reached skill level 13 in Axes
   185 | D        | Reached XP level 8. HP: 56/71 MP: 8/8
   193 | D        | Entered arena 4.
   193 | D        | Noticed a black bear
   193 | D        | Noticed a black bear
   193 | D        | Noticed a spriggan
   193 | D        | Noticed a black bear
   195 | D        | Killed a black bear
   195 | D        | Acquired Qazlal's third power
   196 | D        | Killed a black bear
   196 | D        | Killed a spriggan
   196 | D        | Reached skill level 14 in Axes
   202 | D        | Killed a black bear
   204 | D        | Got the amulet "Miss" {rCorr Str+4 Dex+5}
   210 | D        | Entered arena 5.
   213 | D        | Acquired Qazlal's fourth power
   225 | D        | Entered arena 6.
   225 | D        | Noticed a wolf
   225 | D        | Noticed a komodo dragon
   225 | D        | Noticed a porcupine
   225 | D        | Noticed a yak
   225 | D        | Noticed a porcupine
   231 | D        | Killed a wolf
   234 | D        | Killed a porcupine
   234 | D        | Acquired Qazlal's fifth power
   234 | D        | Reached skill level 10 in Armour
   234 | D        | Reached skill level 10 in Shields
   234 | D        | Reached XP level 9. HP: 50/78 MP: 9/9
   234 | D        | Killed a porcupine
   237 | D        | Killed a yak
   237 | D        | Killed a komodo dragon
   237 | D        | Reached skill level 5 in Maces & Flails
   355 | D        | Entered arena 7.
   355 | D        | Noticed an orc warrior
   355 | D        | Noticed an orc warrior
   355 | D        | Noticed an orc warrior
   355 | D        | Noticed an orc warrior
   355 | D        | Noticed an orc priest
   360 | D        | Killed an orc warrior
   362 | D        | Killed an orc warrior
   364 | D        | Killed an orc warrior
   365 | D        | Killed an orc priest
   365 | D        | Killed an orc warrior
   383 | D        | Entered arena 8.
   383 | D        | Noticed a water moccasin
   383 | D        | Noticed a water moccasin
   383 | D        | Noticed a black mamba
   383 | D        | Noticed a water moccasin
   383 | D        | Noticed a naga
   386 | D        | Killed a water moccasin
   391 | D        | Killed a water moccasin
   392 | D        | Killed a water moccasin
   393 | D        | Killed a black mamba
   393 | D        | Reached XP level 10. HP: 57/84 MP: 10/10
   397 | D        | Killed a naga
   459 | D        | Entered arena 9.
   459 | D        | Noticed a deep elf priest
   459 | D        | Noticed a deep elf knight
   459 | D        | Noticed a deep elf fighter
   459 | D        | Noticed a deep elf knight
   459 | D        | Noticed a deep elf summoner
   459 | D        | Noticed a deep elf mage
   459 | D        | Noticed a deep elf knight
   466 | D        | Killed a deep elf priest
   466 | D        | Killed a deep elf mage
   468 | D        | Killed a deep elf knight
   469 | D        | Killed a deep elf knight
   469 | D        | Reached skill level 10 in Maces & Flails
   469 | D        | Killed a deep elf fighter
   470 | D        | Killed a deep elf summoner
   470 | D        | Killed a deep elf knight
   498 | D        | Entered arena 10.
   498 | D        | Noticed a mottled dragon
   498 | D        | Noticed a fire drake
   498 | D        | Noticed a mottled dragon
   498 | D        | Noticed a mottled dragon
   498 | D        | Noticed a swamp drake
   498 | D        | Noticed a wyvern
   498 | D        | Noticed a mottled dragon
   498 | D        | Noticed a swamp drake
   498 | D        | Noticed a steam dragon
   502 | D        | Killed a swamp drake
   503 | D        | Killed a wyvern
   504 | D        | Killed a fire drake
   504 | D        | Reached XP level 11. HP: 85/91 MP: 11/11
   511 | D        | Killed a mottled dragon
   512 | D        | Killed a mottled dragon
   513 | D        | Killed a steam dragon
   513 | D        | Killed a mottled dragon
   514 | D        | Killed a mottled dragon
   516 | D        | Killed a swamp drake
   521 | D        | Killed Purgy
   524 | D        | Got the ring "Qoqif" {Wiz Str+4}
   538 | D        | Entered arena 11.
   538 | D        | Noticed Aizul
   538 | D        | Noticed Sonja
   539 | D        | Noticed Polyphemus
   539 | D        | Noticed Donald
   539 | D        | Noticed Edmund
   554 | D        | Hit by a large rock thrown by Polyphemus

Action                   |  1- 3 |  4- 6 |  7- 9 | 10-12 || total
-------------------------+-------+-------+-------+-------++-------
Melee: Shillelagh        |     2 |     9 |    38 |    36 ||    85
  Use: Potion            |       |       |       |     2 ||     2
       Scroll            |       |       |       |     1 ||     1
